[Event "*** Titled Tuesday Blitz"]
[Site "Chess.com"]
[Date "2020.05.12"]
[Round "4"]
[White "rakshi2005"]
[Black "heartofatiger"]
[Result "0-1"]
[WhiteElo "2283"]
[BlackElo "2462"]
[TimeControl "180+1"]
[EndTime "10:38:09 PDT"]
[Termination "heartofatiger won by resignation"]

1. e4 Nf6 2. e5 Nd5 3. d4 d6 4.
Nf3 g6 5. c4 Nb6 6. b3 dxe5 7.
Nxe5 Bg7 8. Be2 c5 9. Bb2 Nc6 10. Nxc6 bxc6 11. O-O Bxd4 12. Bxd4 Qxd4 13. Nd2 O-O 14.
Nf3 Qf6 15. Qd2 Bf5 16. Rfd1 a5 17. Qe3 Nd7 18. Bd3 Bg4 19. Be4 a4 20. h3 Bxf3 21. Qxf3 Qxf3 22. gxf3 Nb8 23. Rd3 f5 24. Bxc6 Nxc6 25.
Rd5 axb3 26. Rxc5 Rxa2 27. Re1 Rf6 28. Rb5 Nd4 29. Rb8+ Rf8 30. Rxf8+ Kxf8 0-1

[Event "*** Titled Tuesday Blitz"]
[Site "Chess.com"]
[Date "2020.05.12"]
[Round "4"]
[White "bazar-wokzal"]
[Black "Indianlad"]
[Result "0-1"]
[WhiteElo "2547"]
[BlackElo "2929"]
[TimeControl "180+1"]
[EndTime "10:38:10 PDT"]
[Termination "Indianlad won by resignation"]

1. e4 c5 2. c3 d5 3. exd5 Nf6 4. Bb5+ Bd7 5. Bxd7+ Qxd7 6. c4 e6 7. dxe6 fxe6 8. Nf3 Nc6 9. O-O Bd6 10. Nc3 O-O 11.
d3 Ng4 12. h3 Nge5 13. Nxe5 Bxe5 14. Be3 b6 15. Qe2 Rad8 16. Rad1 h6 17. Ne4 Rf5 18. b3 Rdf8 19. Rfe1 Kh8 20. Qg4 Bf4 21.
Re2 Ne5 22. Qh4 Ng6 23. Qg4 Qf7 24. Red2 Ne5 25. Qe2 Qg6 26. Kh1 Rh5 27. Bxf4 Rxf4 28. Ng3 Rg5 29. d4 Nc6 30. dxc5 bxc5 31. Rd6 Nd4 32. Qe3 Qf7 33. Kg1 h5 34. Ne4 Re5 35. R1xd4 cxd4 36. Rxd4 h4 37. f3 Ra5 38. Qd3 Qg6 39.
Rd8+ Kh7 40. Qd2 Raf5 41. Kh1 Rxe4 0-1

[Event "*** Titled Tuesday Blitz"]
[Site "Chess.com"]
[Date "2020.05.12"]
[Round "4"]
[White "Fandorine"]
[Black "PaulfromSPb"]
[Result "1-0"]
[WhiteElo "2862"]
[BlackElo "2632"]
[TimeControl "180+1"]
[EndTime "10:38:11 PDT"]
[Termination "Fandorine won by resignation"]

1. e4 e6 2. d4 d5 3. exd5 exd5 4. Nf3 Bd6 5. c4 dxc4 6. Bxc4 Nf6 7. Qe2+ Be7 8. O-O O-O 9. Nc3 Bg4 10. h3 Bh5 11.
Rd1 Nbd7 12. g4 Bg6 13. Ne5 Nb6 14. Bb3 a5 15. a3 a4 16. Ba2 Kh8 17. f4 Nfd5 18.
f5 Bxf5 19. gxf5 Bf6 20. Nxd5 Nxd5 21. Qf3 Ra5 22. Bd2 Rb5 23. Bc4 c6 24. Bxb5 cxb5 25.
Rac1 Qd6 26. Be1 Kg8 27. Bg3 Qd8 28. Ng4 Bg5 29. Rc5 Nf6 30. Rxb5 Re8 31. Rxb7 Nd5 32. Rb8 1-0

[Event "*** Titled Tuesday Blitz"]
[Site "Chess.com"]
[Date "2020.05.12"]
[Round "4"]
[White "AnishGiri"]
[Black "DariaVoit"]
[Result "1-0"]
[WhiteElo "3022"]
[BlackElo "2551"]
[TimeControl "180+1"]
[EndTime "10:38:11 PDT"]
[Termination "AnishGiri won by resignation"]

1. e4 e6 2. d4 d5 3. e5 c5 4. c3 Nc6 5. Nf3 Qb6 6. Be2 cxd4 7.
cxd4 Nge7 8. Na3 Nf5 9. Nc2 Bb4+ 10. Kf1 Be7 11. h4 h5 12. g3 Bd7 13. Kg2 Nb4 14.
Nxb4 Qxb4 15. a3 Qb6 16. a4 Bb4 17. Bg5 Rc8 18. Qd3 O-O 19. Rhd1 Rc7 20. Bd2 Bxd2 21. Rxd2 Rfc8 22. Ng5 g6 23. Bxh5 gxh5 24. Qf3 Kg7 25. Qxh5 Nh6 26. Nh3 Rc2 27. Rad1 Rxd2 28. Rxd2 Qd8 29.
Nf4 Bxa4 30. Qf3 Rc2 31. Nh5+ Kh7 32. Nf6+ Kg7 33. Qf4 Rxd2 34. Qg5+ Kf8 35. Qxh6+ Ke7 36. Qxd2 Qb6 37. h5 Qd8 38. h6 Qh8 39. Qb4+ Kd8 40.
Qxa4 1-0

[Event "*** Titled Tuesday Blitz"]
[Site "Chess.com"]
[Date "2020.05.12"]
[Round "4"]
[White "GHANDEEVAM2003"]
[Black "Love_craft"]
[Result "1-0"]
[WhiteElo "2928"]
[BlackElo "2540"]
[TimeControl "180+1"]
[EndTime "10:38:12 PDT"]
[Termination "GHANDEEVAM2003 won on time"]

1. c4 e5 2. Nc3 d6 3. Nf3 Nf6 4. d4 exd4 5. Nxd4 g6 6. g3 Bg7 7.
Bg2 O-O 8. O-O c6 9. e4 Nbd7 10. h3 Re8 11. Be3 Nc5 12. Qc2 a5 13. Rad1 Qc7 14.
Rfe1 Bd7 15. g4 Rad8 16. a3 Bc8 17. Bf4 h5 18. f3 Qb6 19. Qf2 Ne6 20. Be3 Nxd4 21.
Bxd4 Qa6 22. Bf1 hxg4 23. hxg4 Be6 24. g5 Nh5 25. Bxg7 Nxg7 26. c5 Bc4 27. Rxd6 Bxf1 28. Rxf1 Ne6 29. f4 Qa7 30. Na4 Qa6 31. Rfd1 Qc4 32. Nc3 Rc8 33. e5 Qxc5 34. Ne4 Qxf2+ 35. Kxf2 Nxf4 36. Nf6+ Kg7 37. Kf3 Ne6 38. Nxe8+ Rxe8 39. Kg4 Nc5 40. Re1 Re7 41. b4 Nd7 42. bxa5 Nxe5+ 43. Kg3 Re8 44. Re4 1-0

[Event "*** Titled Tuesday Blitz"]
[Site "Chess.com"]
[Date "2020.05.12"]
[Round "4"]
[White "DrVitman"]
[Black "rasmussvane"]
[Result "1/2-1/2"]
[WhiteElo "2552"]
[BlackElo "2892"]
[TimeControl "180+1"]
[EndTime "10:38:12 PDT"]
[Termination "Game drawn by repetition"]

1. e4 c6 2. Nf3 d5 3. Nc3 dxe4 4. Nxe4 Nf6 5. Nxf6+ exf6 6. d4 Bd6 7. Bd3 O-O 8.
O-O Re8 9. h3 Nd7 10. Re1 Nf8 11. Rxe8 Qxe8 12. c3 Be6 13. Bd2 Ng6 14. Qc2 Qd7 15. Re1 Rd8 16. Qd1 a6 17. b3 Bc7 18.
c4 Nf4 19. Bb1 Ng6 20. Qc2 b5 21. a4 bxa4 22. bxa4 Bb6 23. Rd1 Bc7 24. a5 Re8 25. Qa4 Rc8 26. Qc2 Rb8 27. Qd3 Rd8 28. Qc2 Qc8 29.
Qe4 Bb8 30. Qc2 Bc7 31. Re1 Qd7 32. Rd1 1/2-1/2

[Event "*** Titled Tuesday Blitz"]
[Site "Chess.com"]
[Date "2020.05.12"]
[Round "4"]
[White "serhanberat_ozdemir"]
[Black "quesfr"]
[Result "1-0"]
[WhiteElo "2494"]
[BlackElo "2278"]
[TimeControl "180+1"]
[EndTime "10:38:12 PDT"]
[Termination "serhanberat_ozdemir won by resignation"]

1. e4 e6 2. d4 d5 3. Nd2 c5 4. Ngf3 Nc6 5. exd5 exd5 6. Bb5 cxd4 7. Nxd4 Bd7 8. N2f3 Bd6 9. O-O Nge7 10. c3 O-O 11. h3 h6 12. Bd3 Nxd4 13. Nxd4 Nc6 14. Be3 Qf6 15. Qf3 Qxf3 16. Nxf3 Rad8 17. Rad1 Rfe8 18. Bc2 Be6 19. Nd4 Nxd4 20. Bxd4 a6 21. Rfe1 Kf8 22.
Bb3 Re7 23. Kf1 Red7 24. Bb6 Bc7 25. Bxc7 Rxc7 26. Rd4 Rc5 27. Red1 Rdc8 28. Bxd5 Bxd5 29. Rxd5 Rxd5 30. Rxd5 Ke7 31. Ke2 Ke6 32. Rd4 Ke5 33.
f4+ Ke6 34. g4 g6 35. Kd3 h5 36. a4 hxg4 37. hxg4 Rh8 38. Rb4 Rh4 39. Rxb7 Rxg4 40. Rb6+ Ke7 41. Ke3 Rg3+ 42. Ke4 Rg2 43. b4 f5+ 44.
Ke3 Rg3+ 45. Kd4 Rf3 46. Rxg6 Rxf4+ 47. Kc5 Rf3 48. c4 f4 49. Rxa6 Re3 50. Ra7+ Ke6 51. Ra8 f3 52. Rf8 Re5+ 53. Kd4 Rf5 54. Rxf5 Kxf5 55. Ke3 Kg4 56. Kf2 1-0

[Event "*** Titled Tuesday Blitz"]
[Site "Chess.com"]
[Date "2020.05.12"]
[Round "4"]
[White "freshfoodcompany"]
[Black "PhileKhoob"]
[Result "0-1"]
[WhiteElo "2250"]
[BlackElo "2441"]
[TimeControl "180+1"]
[EndTime "10:38:13 PDT"]
[Termination "PhileKhoob won by resignation"]

1. d4 Nf6 2. c4 g6 3. Nc3 d5 4.
cxd5 Nxd5 5. e4 Nxc3 6. bxc3 Bg7 7. Bc4 O-O 8. Ne2 c5 9. O-O Nc6 10. Be3 Qc7 11. Bd5 e6 12. Bxc6 Qxc6 13. d5 Qc7 14. Bf4 Qa5 15. Qb3 exd5 16. exd5 b6 17. Rac1 Ba6 18. c4 Rfe8 19. Ng3 Bd4 20. Rfd1 b5 21.
cxb5 Bxb5 22. Bd2 Qa6 23. Re1 Kg7 24. Bc3 Rad8 25. Bxd4+ cxd4 26. Rxe8 Rxe8 27. Qb2 Qa4 28. h3 Kg8 29. Rb1 a6 30. Nf1 Re2 31. Qb4 Qxa2 32. Qxd4 Qxb1 33. d6 Qxf1+ 0-1

[Event "*** Titled Tuesday Blitz"]
[Site "Chess.com"]
[Date "2020.05.12"]
[Round "4"]
[White "Revnov"]
[Black "GadimbayliA"]
[Result "1-0"]
[WhiteElo "2683"]
[BlackElo "2835"]
[TimeControl "180+1"]
[EndTime "10:38:14 PDT"]
[Termination "Revnov won on time"]

1. e4 e5 2. Nf3 d5 3. exd5 e4 4. Nd4 Qxd5 5. Nb3 Nf6 6. Nc3 Qe5 7. Be2 Bd6 8. d4 exd3 9. Qxd3 O-O 10. Be3 Nc6 11.
O-O-O Bf5 12. Qb5 Qe6 13. Qxb7 Bb4 14. Bf3 Ne4 15. Nd5 Rab8 16. Qa6 Rfd8 17. Nxc7 Qg6 18.
Rxd8+ Rxd8 19. Rd1 Rxd1+ 20. Bxd1 h6 21. Nd5 Bf8 22. Nd4 Nxd4 23. Qxg6 Bxg6 24. Bxd4 Nd6 25. Nf4 1-0

[Event "*** Titled Tuesday Blitz"]
[Site "Chess.com"]
[Date "2020.05.12"]
[Round "4"]
[White "PlotnikovPavel"]
[Black "artooon"]
[Result "0-1"]
[WhiteElo "2496"]
[BlackElo "2724"]
[TimeControl "180+1"]
[EndTime "10:38:14 PDT"]
[Termination "artooon won by resignation"]

1. e4 e5 2. Nf3 Nc6 3. Nc3 Nf6 4. Be2 Bc5 5. Nxe5 Nxe5 6. d4 Bd6 7. f4 Ng6 8. e5 Be7 9. O-O O-O 10. f5 Nh4 11. g3 d6 12. exf6 Bxf6 13. gxh4 Bxh4 14. Bd3 Bg5 15.
Qg4 h6 16. h4 Bxc1 17. Raxc1 c6 18. Kh1 d5 19. Rf3 Kh8 20. Ne2 Qf6 21. Nf4 Qxd4 22.
c3 Qf6 23. Rg1 g6 24. Qg3 Bxf5 25. Bxf5 Qxf5 26. Rgf1 Kh7 27. Nd3 Qe4 28. Re1 Qa4 29.
Re7 Qd1+ 30. Kh2 Kg8 31. Ne5 Rae8 32. Rexf7 Rxf7 33. Nxf7 Kg7 34. Nd6 Re2+ 35. Rf2 Qc2 36. Qe5+ Rxe5 37. Rxc2 b6 38. Kg3 Re6 39. Nc8 Re3+ 40.
Kf2 Rh3 41. Nxa7 Rh2+ 0-1

[Event "*** Titled Tuesday Blitz"]
[Site "Chess.com"]
[Date "2020.05.12"]
[Round "4"]
[White "AniJak"]
[Black "GMsKoRPioN"]
[Result "0-1"]
[WhiteElo "2229"]
[BlackElo "2434"]
[TimeControl "180+1"]
[EndTime "10:38:14 PDT"]
[Termination "GMsKoRPioN won by resignation"]

1. e4 d6 2. d4 g6 3. Nc3 Bg7 4. g3 Nf6 5. Bg2 O-O 6. Nge2 Nc6 7. O-O e5 8. h3 exd4 9. Nxd4 Bd7 10. Be3 Nxd4 11.
Bxd4 c5 12. Be3 Bc6 13. Nd5 Bxd5 14. exd5 Nd7 15. c3 b5 16. a4 a6 17. axb5 axb5 18.
Qe2 Rxa1 19. Rxa1 Qb6 20. Bf1 b4 21. Ra6 Qb8 22. Bf4 Ne5 23. cxb4 cxb4 24. Qb5 g5 25. Be3 h6 26. Qxb8 Rxb8 27. Rxd6 Nf3+ 28. Kg2 Ne1+ 29. Kg1 Bxb2 30. Rxh6 Bg7 31. Rc6 b3 32. Rc1 b2 33.
Rxe1 b1=Q 34. Rxb1 Rxb1 35. Kg2 Bf6 36. Be2 Kg7 37. Bf3 Rb4 38. Bd2 Rb2 39. Be3 Rb4 40.
Bd2 Ra4 41. Be3 Bd4 42. Bxg5 Ra2 43. g4 Bxf2 44. Bf4 Bh4+ 45. Kg1 Rf2 46. Be5+ f6 47.
d6 Rxf3 48. Bb2 0-1

[Event "*** Titled Tuesday Blitz"]
[Site "Chess.com"]
[Date "2020.05.12"]
[Round "4"]
[White "PavlovDanila"]
[Black "Radzio1987"]
[Result "1/2-1/2"]
[WhiteElo "2707"]
[BlackElo "2879"]
[TimeControl "180+1"]
[EndTime "10:38:15 PDT"]
[Termination "Game drawn by repetition"]

1. e4 c6 2. Nc3 d5 3. Nf3 Bg4 4.
h3 Bxf3 5. Qxf3 e6 6. d3 Nd7 7. Bd2 g6 8. g4 Bg7 9. Bg2 Ne7 10. Qg3 Qb8 11. Qxb8+ Rxb8 12. f4 b5 13. O-O-O a5 14.
Rhf1 Nb6 15. f5 gxf5 16. exf5 exf5 17. gxf5 Bf6 18. Ne2 b4 19. b3 Kd7 20. Nf4 Rhg8 21. Bf3 Nbc8 22. Nh5 Bd4 23. Bf4 Nd6 24. f6 Ng6 25. Bg4+ Kc7 26. Bg3 Be5 27. Rde1 Bxg3 28. Nxg3 Rbe8 29. Nf5 Nxf5 30. Bxf5 Kd6 31. d4 Rxe1+ 32.
Rxe1 Nh4 33. Bxh7 Rh8 34. Bd3 Rh6 35. Re7 Rxf6 36. Ra7 Nf3 37. Rxa5 Nxd4 38. Ra4 Kc5 39. Ra5+ Kd6 40. Ra4 Kc5 41. Ra5+ Kd6 1/2-1/2

[Event "*** Titled Tuesday Blitz"]
[Site "Chess.com"]
[Date "2020.05.12"]
[Round "4"]
[White "KaterynaLagno"]
[Black "RitvarsReimanis"]
[Result "1-0"]
[WhiteElo "2693"]
[BlackElo "2487"]
[TimeControl "180+1"]
[EndTime "10:38:15 PDT"]
[Termination "KaterynaLagno won on time"]

1. e4 c5 2. Nf3 Nc6 3. d4 cxd4 4. Nxd4 Nf6 5. Nc3 e5 6. Ndb5 d6 7. Bg5 a6 8. Na3 b5 9. Nd5 Be7 10. Bxf6 Bxf6 11. c3 Bg5 12. Nc2 Rb8 13. Be2 O-O 14.
O-O Ne7 15. Ncb4 Bb7 16. a4 a5 17. Nxe7+ Qxe7 18. Nd5 Bxd5 19. Qxd5 bxa4 20. Ra2 Qc7 21. Rd1 Be7 22. Bc4 Kh8 23. g3 Rfc8 24. Bb5 g6 25. c4 Kg7 26. Rxa4 h5 27. Rda1 Bd8 28. b4 Qe7 29. bxa5 f5 30. a6 Ra8 31. Bc6 Ra7 32.
Bb7 Rc5 33. Qd3 fxe4 34. Qxe4 Qf6 35. Rd1 Rc7 36. Qd5 Be7 37. Ra3 Bf8 38. Rf3 Qe7 39. Qe4 Rcxb7 40. axb7 Rxb7 41. h4 Rc7 42.
Ra1 Qe6 43. Ra8 Rxc4 44. Qb7+ Be7 45. Re8 1-0

[Event "*** Titled Tuesday Blitz"]
[Site "Chess.com"]
[Date "2020.05.12"]
[Round "4"]
[White "Korchmar_Vasiliy"]
[Black "realmadridtv"]
[Result "1-0"]
[WhiteElo "2628"]
[BlackElo "2445"]
[TimeControl "180+1"]
[EndTime "10:38:15 PDT"]
[Termination "Korchmar_Vasiliy won by resignation"]

1. d4 Nf6 2. c4 g6 3. Nc3 d5 4. Nf3 Bg7 5. Bf4 O-O 6. e3 c5 7.
dxc5 Ne4 8. Rc1 Nd7 9. cxd5 Qa5 10. Be2 Nxc3 11. bxc3 Nxc5 12. Be5 Bf5 13. Bxg7 Kxg7 14. O-O Kg8 15. Nd4 Bd7 16. Nb3 Qc7 17. Qd4 Rac8 18. e4 e5 19. Qe3 f5 20. exf5 gxf5 21. d6 Qb6 22. Bc4+ Be6 23. Nxc5 Bxc4 24. Qg3+ Kh8 25. Qxe5+ Kg8 26. Nd7 Qb5 27. Qg3+ Kf7 28. Nxf8 Bxf1 29.
Nxh7 Bc4 30. Ng5+ Kf6 31. Nf3 Rg8 32. Qh4+ Ke6 33. Nd4+ 1-0

[Event "*** Titled Tuesday Blitz"]
[Site "Chess.com"]
[Date "2020.05.12"]
[Round "4"]
[White "Stronger1799"]
[Black "Filip_Covic"]
[Result "0-1"]
[WhiteElo "2274"]
[BlackElo "2461"]
[TimeControl "180+1"]
[EndTime "10:38:15 PDT"]
[Termination "Filip_Covic won by resignation"]

1. e4 c5 2. Nf3 Nc6 3. d4 cxd4 4. Nxd4 e5 5. Nb5 Nf6 6. N1c3 d6 7. a4 a6 8. Na3 Be7 9. Bc4 O-O 10. O-O Nd7 11.
Be3 Nc5 12. Qd2 Be6 13. Rad1 Qa5 14. Bxe6 Nxe6 15. Nd5 Qxa4 16. Nxe7+ Nxe7 17. Qxd6 Nc6 18. Bb6 Qxe4 19. Rfe1 Qg4 20. h3 Qh5 21. Nc4 Rfd8 22. Bxd8 Rxd8 23. g4 Qxh3 24. Qa3 Qxg4+ 25. Qg3 Qxc4 0-1

[Event "*** Titled Tuesday Blitz"]
[Site "Chess.com"]
[Date "2020.05.12"]
[Round "4"]
[White "ThunderrPanda"]
[Black "TregubovP"]
[Result "0-1"]
[WhiteElo "2791"]
[BlackElo "2536"]
[TimeControl "180+1"]
[EndTime "10:38:16 PDT"]
[Termination "TregubovP won by checkmate"]

1. e4 e6 2. d4 d5 3. Nd2 c5 4.
Ngf3 Nc6 5. exd5 exd5 6. Bb5 Qe7+ 7. Be2 Qc7 8. O-O Nf6 9. Re1 cxd4 10. Nb3 Bb4 11.
Bd2 Bxd2 12. Qxd2 O-O 13. Nbxd4 Bd7 14. c3 Rae8 15. Bd3 Bg4 16. h3 Bh5 17. Rac1 Ne4 18.
Qc2 Bg6 19. Re3 Re7 20. Rce1 Rfe8 21. Qd1 Qf4 22. Qc2 Na5 23. Bb5 Rd8 24. Qa4 Qc7 25.
Bf1 a6 26. Nh4 Rde8 27. Nxg6 hxg6 28. Nf3 Nc4 29. Bxc4 dxc4 30. Qc2 Nc5 31. Rxe7 Rxe7 32. Qd2 Nd3 33. Rxe7 Qxe7 34. Kf1 b5 35. Nd4 Qe5 36.
b3 Qh2 37. bxc4 Nf4 38. Qe3 Qh1# 0-1

[Event "*** Titled Tuesday Blitz"]
[Site "Chess.com"]
[Date "2020.05.12"]
[Round "4"]
[White "bait_or_mate"]
[Black "AtabayevSaparmyrat"]
[Result "0-1"]
[WhiteElo "2499"]
[BlackElo "2728"]
[TimeControl "180+1"]
[EndTime "10:38:16 PDT"]
[Termination "AtabayevSaparmyrat won by resignation"]

1. d4 Nf6 2. c4 e6 3. Nf3 d5 4.
g3 dxc4 5. Bg2 c6 6. O-O Nbd7 7. Qc2 b5 8. e4 Be7 9. Rd1 O-O 10. Bf4 Bb7 11. Nc3 Qb6 12. a4 b4 13. a5 Qa6 14. Na4 c5 15. Ne5 Rac8 16. Nxd7 Nxd7 17. Bf1 cxd4 18. Rxd4 Nc5 19. Rxc4 Qxa5 20. Nxc5 Qxa1 21. Nxb7 Rxc4 22. Qxc4 Qxb2 23. Na5 Bf6 24. Nc6 b3 25. Ne5 Bxe5 26. Bxe5 Qxe5 27. Qxb3 Qxe4 28. Qa3 Qa8 29. Bg2 Qb8 30. h4 h6 31. Bf3 Qb6 32. Kg2 a5 33.
Bd1 Qb4 34. Qd3 Qb7+ 35. Kh2 Qd5 36. Qe2 Rd8 37. Bc2 Qd2 38. Qe4 Qxf2+ 39. Kh3 Qf5+ 40.
Qxf5 exf5 41. Be4 0-1

[Event "*** Titled Tuesday Blitz"]
[Site "Chess.com"]
[Date "2020.05.12"]
[Round "4"]
[White "mirceaparligras"]
[Black "14Sokol88"]
[Result "1/2-1/2"]
[WhiteElo "2586"]
[BlackElo "2388"]
[TimeControl "180+1"]
[EndTime "10:38:16 PDT"]
[Termination "Game drawn by repetition"]

1. d4 d6 2. e4 e5 3. dxe5 dxe5 4. Qxd8+ Kxd8 5. Bc4 Ke8 6. Be3 Nd7 7. Nf3 f6 8. Nbd2 Bc5 9. Nf1 Ne7 10. O-O-O Bxe3+ 11. Nxe3 Nb6 12. Bb3 Bd7 13. Nd2 Ba4 14. Bxa4+ Nxa4 15. Ndc4 Rd8 16. f3 Kf7 17. Na5 b6 18. Nac4 Nc5 19.
c3 Ne6 20. Kc2 h5 21. h4 Rxd1 22. Rxd1 Rd8 23. Rxd8 Nxd8 24. a4 a6 25. b4 Nb7 26.
Nd5 Nxd5 27. exd5 Nd6 28. Nxd6+ cxd6 29. c4 Ke7 30. Kd3 f5 31. g3 Kd7 32. f4 e4+ 33.
Kd4 a5 34. b5 g6 35. Ke3 Kc7 36. Kd4 Kd7 37. Ke3 Kc7 38. Kd4 Kd7 1/2-1/2

[Event "*** Titled Tuesday Blitz"]
[Site "Chess.com"]
[Date "2020.05.12"]
[Round "4"]
[White "H3nriqueTV"]
[Black "noblerone"]
[Result "0-1"]
[WhiteElo "2188"]
[BlackElo "2417"]
[TimeControl "180+1"]
[EndTime "10:38:16 PDT"]
[Termination "noblerone won by resignation"]

1. e4 c5 2. Nf3 e6 3. b3 d5 4. exd5 Qxd5 5. Nc3 Qd8 6. Bb2 Nf6 7. d4 cxd4 8. Nxd4 a6 9. Qd2 Be7 10.
O-O-O O-O 11. Bd3 b5 12. Kb1 Bb7 13. Rhg1 Nc6 14. Nxc6 Bxc6 15. Qg5 Qc7 16. f4 Rad8 17. f5 h6 18. Qe3 b4 19. Ne4 Nxe4 20. Bxe4 Bxe4 21.
Qxe4 exf5 22. Qxf5 Rxd1+ 23. Rxd1 Rd8 24. Re1 Bf8 25. Qg4 Qxh2 26. Qf3 Qd6 27. Rf1 Qd7 28. Qf4 f6 29. Qc4+ Qf7 30. Qxa6 Re8 31. Qd3 Qe6 32. Rd1 Rc8 33. Qa6 Qxa6 0-1

[Event "*** Titled Tuesday Blitz"]
[Site "Chess.com"]
[Date "2020.05.12"]
[Round "4"]
[White "DanilNajdin"]
[Black "BhulseATX"]
[Result "1-0"]
[WhiteElo "2291"]
[BlackElo "1965"]
[TimeControl "180+1"]
[EndTime "10:38:16 PDT"]
[Termination "DanilNajdin won by resignation"]

1. d4 d5 2. c4 e6 3. Nf3 Nf6 4. g3 dxc4 5. Bg2 c6 6. O-O Nbd7 7. Nbd2 b5 8. a4 Bb7 9. Qc2 a6 10. b3 cxb3 11. Nxb3 Bd6 12. Bf4 Bxf4 13. gxf4 O-O 14. Ne5 Nxe5 15. fxe5 Nd5 16. Nc5 Qc7 17. Rfc1 Bc8 18.
Be4 g6 19. Ra3 f5 20. exf6 Rxf6 21. axb5 cxb5 22. Bxd5 exd5 23. Ne4 Qf7 24. Nxf6+ Qxf6 25. Rf3 Bf5 26. Qc5 Rd8 27. Ra3 Qg5+ 28. Rg3 Qd2 29. Re3 Be4 30. Qc7 Rf8 31. Qc3 Qa2 32. f3 Bf5 33.
Re7 Qc4 34. Qe3 1-0

[Event "*** Titled Tuesday Blitz"]
[Site "Chess.com"]
[Date "2020.05.12"]
[Round "4"]
[White "rynos0411"]
[Black "doons21"]
[Result "0-1"]
[WhiteElo "2326"]
[BlackElo "2518"]
[TimeControl "180+1"]
[EndTime "10:38:17 PDT"]
[Termination "doons21 won by resignation"]

1. d4 Nf6 2. c4 e6 3. Nf3 Bb4+ 4. Nc3 Bxc3+ 5. bxc3 b6 6. g3 Bb7 7. Bg2 O-O 8. O-O Nc6 9. Qc2 Na5 10. Nd2 Bxg2 11. Kxg2 c5 12. e4 d6 13. Qd3 Qe7 14. Nb3 Nc6 15. Bg5 h6 16. Bd2 Rac8 17. f4 Qb7 18. Kg1 a5 19. d5 Ne7 20. e5 dxe5 21. fxe5 Nfxd5 22. cxd5 c4 23. Qd4 cxb3 24. dxe6 fxe6 25. axb3 Nf5 26. Qg4 Qd5 27. Rf2 Qxb3 28. Raf1 Qd5 29. Qg6 Ne7 30. Qg4 Rxf2 31. Rxf2 Nf5 32.
Qg6 Rf8 33. g4 Nh4 34. Rxf8+ Kxf8 0-1

[Event "*** Titled Tuesday Blitz"]
[Site "Chess.com"]
[Date "2020.05.12"]
[Round "4"]
[White "LiamVrolijk"]
[Black "mikolka1985"]
[Result "0-1"]
[WhiteElo "2805"]
[BlackElo "2636"]
[TimeControl "180+1"]
[EndTime "10:38:18 PDT"]
[Termination "mikolka1985 won by resignation"]

1. d4 Nf6 2. c4 e6 3. Nf3 b6 4. g3 Bb7 5. Bg2 Be7 6. O-O O-O 7. Re1 Qc8 8. a3 c5 9. dxc5 bxc5 10. Nc3 d6 11. Bf4 Rd8 12. Rc1 a6 13. b4 Nbd7 14. Bxd6 Nb6 15. Bxe7 Rxd1 16. Rexd1 Qe8 17. Bxc5 Nxc4 18.
a4 h6 19. Rd4 Nb2 20. a5 e5 21.
Rd6 Rc8 22. Rb1 Nc4 23. Rdd1 Ne4 24. Nxe4 Bxe4 25. Rbc1 Nb2 26. Bb6 Nxd1 27. Rxd1 Qa4 28. Rf1 Qxb4 29. Nxe5 Bxg2 30. Kxg2 Qe4+ 31. Nf3 Qxe2 32.
Re1 Qd3 33. Re3 Qd5 34. Re5 Qb7 35. Re3 g5 36. h3 h5 37. g4 hxg4 38. hxg4 Rc4 39.
Kh3 f5 40. Re8+ Kf7 41. Ne5+ Kxe8 42. Nxc4 Qf3+ 43. Kh2 Qf4+ 0-1

[Event "*** Titled Tuesday Blitz"]
[Site "Chess.com"]
[Date "2020.05.12"]
[Round "4"]
[White "RubensCezila"]
[Black "KuzubovYuriy"]
[Result "0-1"]
[WhiteElo "2473"]
[BlackElo "2675"]
[TimeControl "180+1"]
[EndTime "10:38:18 PDT"]
[Termination "KuzubovYuriy won on time"]

1. c4 e5 2. Nc3 Bb4 3. Nd5 Bc5 4. e3 c6 5. Nc3 Qe7 6. Nge2 d6 7. d4 Bb6 8. dxe5 dxe5 9. Qc2 f5 10. Ng3 g6 11. h4 Nh6 12. h5 g5 13. Bd2 O-O 14.
O-O-O Nd7 15. f4 gxf4 16. exf4 e4 17. Na4 Bc7 18. Ne2 Nf6 19. Qb3 Be6 20. Bb4 Qf7 21. Bxf8 Rxf8 22. Kb1 b5 23. Nc5 Bxc4 24. Qg3+ Kh8 25.
Nc3 Nhg4 26. Bxc4 bxc4 27. Na6 Bb6 28. Rd6 Bf2 29. Qh3 Qb7 30. Rhd1 Qxa6 0-1

[Event "*** Titled Tuesday Blitz"]
[Site "Chess.com"]
[Date "2020.05.12"]
[Round "4"]
[White "diskeleven"]
[Black "MalakhovKirill"]
[Result "0-1"]
[WhiteElo "2340"]
[BlackElo "2638"]
[TimeControl "180+1"]
[EndTime "10:38:18 PDT"]
[Termination "MalakhovKirill won on time"]

1. d4 Nf6 2. c4 e6 3. Nc3 c5 4. d5 a6 5. a4 d6 6. e4 e5 7. g3 h5 8. h4 Bg4 9. f3 Bc8 10. Bh3 Bxh3 11. Nxh3 Be7 12. Be3 Qa5 13. Qb3 Qb4 14.
Qxb4 cxb4 15. Na2 a5 16. Nc1 Nbd7 17. Nb3 b6 18. Nf2 Rc8 19. Rc1 Ng8 20. Ke2 f6 21. g4 hxg4 22. fxg4 Nh6 23. Kd3 Nf7 24. Rcg1 Kd8 25. h5 Kc7 26. Nd2 Rcg8 27. Nf3 g5 28.
hxg6 Rxg6 29. Rxh8 Nxh8 30. Rh1 Rg8 31. Rh7 Ng6 32. Nh1 Kd8 33. Ng3 Nc5+ 34. Bxc5 Nf4+ 35. Kd2 bxc5 36. Nf5 Bf8 37. Ra7 Ke8 0-1

[Event "*** Titled Tuesday Blitz"]
[Site "Chess.com"]
[Date "2020.05.12"]
[Round "4"]
[White "baby_leo"]
[Black "albano87"]
[Result "0-1"]
[WhiteElo "2081"]
[BlackElo "2302"]
[TimeControl "180+1"]
[EndTime "10:38:18 PDT"]
[Termination "albano87 won by resignation"]

1. Nf3 Nf6 2. c4 c5 3. Nc3 Nc6 4. d4 cxd4 5. Nxd4 g6 6. e4 Bg7 7.
Be2 O-O 8. Be3 d6 9. O-O a6 10. f3 Qc7 11. b3 Nxd4 12. Bxd4 h5 13. Rc1 Be6 14. Nd5 Bxd5 15. cxd5 Qd7 16. Qd2 Rfc8 17. a4 h4 18. h3 Nh5 19. Bxg7 Kxg7 20. f4 Ng3 21. Rfe1 Rxc1 22. Rxc1 Rc8 23. Rc4 Rxc4 24. bxc4 Qc7 25. Qd4+ f6 26. Bd3 Qa5 27. e5 Qe1+ 0-1

[Event "*** Titled Tuesday Blitz"]
[Site "Chess.com"]
[Date "2020.05.12"]
[Round "4"]
[White "Karacsonyi_Gellert"]
[Black "Evgeny81"]
[Result "0-1"]
[WhiteElo "2489"]
[BlackElo "2707"]
[TimeControl "180+1"]
[EndTime "10:38:19 PDT"]
[Termination "Evgeny81 won by resignation"]

1. e4 e6 2. d4 d5 3. e5 c5 4. c3 Nc6 5. Nf3 Nge7 6. Bd3 cxd4 7. cxd4 Nf5 8. Bxf5 exf5 9. O-O Be7 10. Nc3 Be6 11. a3 O-O 12. b4 Rc8 13. Bb2 Nb8 14. Rc1 Nd7 15. Na4 Nb6 16. Nxb6 Qxb6 17. Qd2 Bd7 18. Rxc8 Rxc8 19. Rc1 Rxc1+ 20. Qxc1 Qc6 21. Qxc6 Bxc6 22. Kf1 Bb5+ 23. Ke1 g5 24. Nd2 Kg7 25. f3 f4 26.
Nb1 Kg6 27. Nc3 Bc4 28. Kf2 Kf5 29. Na4 b6 30. Bc3 Bb5 31. Nb2 h5 32. h3 g4 33.
hxg4+ hxg4 34. g3 gxf3 35. Kxf3 fxg3 36. a4 Bd7 37. Kxg3 Ke4 38. Kf2 Bg5 39. Ke2 Be3 40.
a5 Bb5+ 41. Kd1 Bxd4 42. Kc2 Bxe5 43. Bxe5 Kxe5 44. axb6 axb6 45. Nd1 Ba4+ 0-1

[Event "*** Titled Tuesday Blitz"]
[Site "Chess.com"]
[Date "2020.05.12"]
[Round "4"]
[White "babyking1205"]
[Black "vovachesss"]
[Result "1-0"]
[WhiteElo "2476"]
[BlackElo "2623"]
[TimeControl "180+1"]
[EndTime "10:38:19 PDT"]
[Termination "babyking1205 won on time"]

1. e4 d6 2. d4 Nd7 3. Nc3 Ngf6 4. f4 e5 5. Nf3 exd4 6. Nxd4 g6 7.
Be3 Bg7 8. h3 O-O 9. Bd3 Re8 10.
O-O Nc5 11. Qf3 c6 12. Rad1 Qc7 13. f5 Ncd7 14. Bg5 b5 15. fxg6 fxg6 16. Kh1 Ne5 17. Qf2 Rf8 18. Qh4 Ne8 19. Rxf8+ Bxf8 20. Rf1 Qg7 21.
Nxc6 Nxc6 22. Bxb5 Qc7 23. Bc4+ Kg7 24. Bh6+ 1-0